 Dungeon Crawl Stone Soup version 0.26-a0-854-gdc81c2f471 (webtiles) character file.

Game seed: 18114641136067184020

577069 Ijustatesigmund the Octopoid Aeon (level 27, -7/226 HPs)
             Began as an Octopode Fighter on Nov 20, 2020.
             Was the Champion of Cheibriados.
             Mangled by a shock serpent (11 damage)
             ... summoned by an orange crystal statue
             ... on level 1 of a ziggurat on Nov 24, 2020.
             The game lasted 03:55:49 (63251 turns).

Ijustatesigmund the Octopoid Aeon (OpFi)           Turns: 63251, Time: 03:55:51

Health: -7/226     AC: 10    Str: 35 (36) XL:     27
Magic:  1/38       EV: 32    Int: 44      God:    Cheibriados [******]
Gold:   6996       SH: 21    Dex: 31      Spells: 19/40 levels left

rFire    + . .     SeeInvis +   q - +9 broad axe (flame)
rCold    + + +     Faith    .   b - +5 kite shield {reflect}
rNeg     + + +     Spirit   .   u - +1 hat {Int+3}
rPois    +         Reflect  +   A - amulet of regeneration
rElec    .         Harm     .   t - +4 ring of protection
rCorr    .         Rampage  .   p - ring of the Republic {rN+ AC+4 Int+4}
MR       ++++.     Rnd*Rage +   r - ring "Yttotiv" {rPois rC+++ Int+6 SInv Stlth-}
Stlth    +++++++...             m - ring of wizardry
HPRegen  0.87/turn              G - ring of positive energy
MPRegen  0.26/turn              I - ring "Utay" {rN+ MR+}
                                J - ring "Pussela" {rPois MR+ Str+3 Stlth-}
                                K - ring of Napeah {rF+ Slay+3}

@: very slow
A: almost no armour, stealthy swim, amphibious, 8 rings, constrict 8, camouflage
1, berserk 1, mutation resistance 1, robust 1, gelatinous body 1, subdued magic
1
}: 2/15 runes: decaying, gossamer
a: Bend Time, Temporal Distortion, Slouch, Step From Time, Renounce Religion


You were on level 1 of a ziggurat.
You worshipped Cheibriados.
Cheibriados was exalted by your worship.
You visited 11 branches of the dungeon, and saw 48 of its levels.
You visited the Abyss 1 time.
You visited 1 ziggurat, and saw 1 of its levels.
You also visited: Gauntlet and Volcano.

You collected 7972 gold pieces.
You spent 976 gold pieces at shops.

Inventory:

Hand Weapons
 a - a +7 broad axe of flaming
 q - a +9 broad axe of flaming (weapon)
Missiles
 w - 12 silver javelins (quivered)
Armour
 b - a +5 kite shield of reflection (worn)
 u - a +1 hat of intelligence (worn)
Jewellery
 m - a ring of wizardry (on tentacle)
 p - the ring of the Republic (right tentacle) {rN+ AC+4 Int+4}
   (You found it on level 6 of the Dungeon)

   [ring of protection]

   It affects your AC (+4).
   It affects your intelligence (+4).
   It protects you from negative energy.
 r - the ring "Yttotiv" (on tentacle) {rPois rC+++ Int+6 SInv Stlth-}
   (You found it on level 6 of the Dungeon)

   [ring of see invisible]

   It affects your intelligence (+6).
   It renders you almost immune to cold.
   It protects you from poison.
   It lets you see invisible.
   It makes you less stealthy.
 t - a +4 ring of protection (left tentacle)
 v - an uncursed ring of resist corrosion
 A - an amulet of regeneration (around mantle)
 G - a ring of positive energy (on tentacle)
 I - the ring "Utay" (on tentacle) {rN+ MR+}
   (You found it in a Gauntlet)

   [ring of positive energy]

   It protects you from negative energy.
   It affects your resistance to hostile enchantments.
 J - the ring "Pussela" (on tentacle) {rPois MR+ Str+3 Stlth-}
   (You found it in a Gauntlet)

   [ring of protection from magic]

   It affects your strength (+3).
   It protects you from poison.
   It affects your resistance to hostile enchantments.
   It makes you less stealthy.
 K - the ring of Napeah (on tentacle) {rF+ Slay+3}
   (You found it in a Gauntlet)

   [ring of protection from fire]

   It affects your accuracy and damage with ranged weapons and melee attacks
   (+3).
   It protects you from fire.
 M - an uncursed ring of protection from fire
 Q - an uncursed ring of protection from fire
 R - the ring of Xaalograf {*Corrode rElec MR+++ Str-4 Int+6}
   (You found it on level 5 of the Depths)

   [ring of intelligence]

   It affects your strength (-4).
   It affects your intelligence (+6).
   It insulates you from electricity.
   It affects your resistance to hostile enchantments.
   It may corrode you when you take damage.
 W - the ring "Toceisucs" {Fire rPois Int-2 SInv Stlth+}
   (You took it off an efreet on level 14 of the Dungeon)

   [ring of fire]

   It enhances your fire magic.
   It affects your intelligence (-2).
   It protects you from fire.
   It makes you vulnerable to cold.
   It protects you from poison.
   It lets you see invisible.
   It makes you more stealthy.
Wands
 f - a wand of digging (11)
 n - a wand of paralysis (22)
 C - a wand of acid (55)
 D - a wand of iceblast (24)
 H - a wand of enslavement (42)
 U - a wand of polymorph (25)
Scrolls
 d - 7 scrolls of fear
 h - 40 scrolls of remove curse
 i - 4 scrolls of magic mapping
 j - 3 scrolls of fog
 o - a scroll of summoning
 s - 7 scrolls of immolation
 F - 4 scrolls of holy word
 N - a scroll of teleportation
 P - 3 scrolls of blinking
 X - 2 scrolls of silence
 Y - 35 scrolls of identify
Potions
 c - 5 potions of cancellation
 e - 4 potions of might
 g - 8 potions of brilliance
 k - 2 potions of invisibility
 l - 5 potions of mutation
 x - 15 potions of curing
 z - 2 potions of heal wounds
 B - 5 potions of magic
 E - 7 potions of flight
 O - 5 potions of resistance
 T - 4 potions of lignification
 V - a potion of ambrosia
Miscellaneous
 S - a phantom mirror
 Z - a condenser vane


   Skills:
 + Level 21.5 Fighting
 - Level 17.5 Axes
 - Level 9.1 Throwing
 - Level 16.0 Dodging
 - Level 17.8 Stealth
 - Level 12.8 Shields
 - Level 7.3 Spellcasting
 + Level 11.4 Conjurations
 + Level 12.1 Summonings
 - Level 3.7 Transmutations
 - Level 10.8 Ice Magic
 + Level 11.4 Earth Magic
 + Level 23.0 Invocations
 - Level 8.0 Evocations


You had 19 spell levels left.
You knew the following spells:

 Your Spells              Type           Power        Failure   Level
a - Ozocubu's Armour      Ice            ######..     1%          3
b - Beastly Appendage     Tmut           #####.       1%          1
c - Iron Shot             Conj/Erth      ######....   1%          6
d - Apportation           Tloc           ##....       1%          1
e - Spellforged Servitor  Conj/Summ      #######...   5%          7
f - Lesser Beckoning      Tloc           ##........   2%          3

Your spell library contained the following spells:

 Spells                   Type           Power        Failure   Level
 Freeze                   Ice            ####         0%          1
 Magic Dart               Conj           ####         0%          1
 Summon Small Mammal      Summ           ####         0%          1
 Call Imp                 Summ           #######.     0%          2
 Searing Ray              Conj           ######       0%          2
 Call Canine Familiar     Summ           #######.     0%          3
 Animate Skeleton         Necr           ##....       1%          1
 Corona                   Hex            ##.....      1%          1
 Foxfire                  Conj/Fire      ####         1%          1
 Pain                     Necr           ##..         1%          1
 Shock                    Conj/Air       ####         1%          1
 Sting                    Tmut/Pois      ####         1%          1
 Corpse Rot               Necr/Air       N/A          1%          2
 Passwall                 Tmut/Erth      ######..     1%          2
 Poisonous Vapours        Pois/Air       ##....       1%          2
 Slow                     Hex            ##......     1%          2
 Sublimation of Blood     Necr           ##........   1%          2
 Swiftness                Air            ##......     1%          2
 Wereblood                Tmut           #####...     1%          2
 Conjure Flame            Conj/Fire      ######..     1%          3
 Dazzling Flash           Conj/Hex       ######       1%          3
 Frozen Ramparts          Ice            ######       1%          3
 Mephitic Cloud           Conj/Pois/Air  #####...     1%          3
 Spider Form              Tmut/Pois      ####......   1%          3
 Static Discharge         Conj/Air       ######..     1%          3
 Stone Arrow              Conj/Erth      ######       1%          3
 Summon Guardian Golem    Hex/Summ       ######..     1%          3
 Fulminant Prism          Conj/Hex       ######....   1%          4
 Hailstorm                Conj/Ice       ######..     1%          4
 Ice Form                 Ice/Tmut       ######..     1%          4
 Iskenderun's Mystic Bla  Conj/Tloc      ######..     1%          4
 Leda's Liquefaction      Hex/Erth       ######....   1%          4
 Petrify                  Tmut/Erth      ######..     1%          4
 Sticky Flame             Conj/Fire      ######..     1%          4
 Summon Ice Beast         Ice/Summ       ######..     1%          4
 Summon Lightning Spire   Summ/Air       ######..     1%          4
 Bolt of Magma            Conj/Fire/Erth ######....   1%          5
 Borgnjor's Vile Clutch   Necr/Erth      ######....   1%          5
 Fireball                 Conj/Fire      ######....   1%          5
 Iskenderun's Battlesphe  Conj           ######..     1%          5
 Lee's Rapid Deconstruct  Erth           ######....   1%          5
 Lightning Bolt           Conj/Air       ######....   1%          5
 Ozocubu's Refrigeration  Ice            ######....   1%          6
 Confusing Touch          Hex            ##......     2%          3
 Gell's Gravitas          Tloc           ##........   2%          3
 Inner Flame              Hex/Fire       ##......     2%          3
 Portal Projectile        Hex/Tloc       ##....       2%          3
 Tukima's Dance           Hex            ##......     2%          3
 Vampiric Draining        Necr           ##........   2%          3
 Metabolic Englaciation   Hex/Ice        #####.....   2%          5
 Blade Hands              Tmut           #####.....   4%          5
 Statue Form              Tmut/Erth      ######...    5%          6
 Freezing Cloud           Conj/Ice/Air   ######....   6%          6
 Orb of Destruction       Conj           ######....   6%          7
 Airstrike                Air            ##........   8%          4
 Animate Dead             Necr           ##........   8%          4
 Cause Fear               Hex            ##........   8%          4
 Dispel Undead            Necr           ##......     8%          4
 Passage of Golubria      Tloc           N/A          8%          4
 Alistair's Intoxication  Tmut/Pois      ####.....    11%         5
 Yara's Violent Unravell  Hex/Tmut       ####......   11%         5
 Simulacrum               Ice/Necr       #####.....   13%         6
 Agony                    Necr           ##......     22%         5
 Excruciating Wounds      Necr           ##........   22%         5
 Silence                  Hex/Air        ##........   22%         5
 Hydra Form               Tmut           #####.....   26%         6
 Haunt                    Necr/Summ      ######....   50%         7
 Death Channel            Necr           ##........   75%         6
 Dispersal                Tloc           ##........   75%         6
 Invisibility             Hex            ##......     75%         6
 Dragon Form              Tmut           #####.....   80%         7
 Dragon's Call            Summ           #######...   99%         9
 Borgnjor's Revivificati  Necr           ##........   100%        8
 Discord                  Hex            ##........   100%        8
 Disjunction              Tloc           ##........   100%        8
 Infestation              Necr           ##........   100%        8
 Necromutation            Tmut/Necr      ####......   100%        8
 Death's Door             Necr           ##........   100%        9
 Shatter                  Erth           ######....   100%        9


Dungeon Overview and Level Annotations

Branches:
Dungeon (15/15)            Temple (1/1) D:5            Lair (6/6) D:8
  Swamp (4/4) Lair:3       Spider (4/4) Lair:4        Slime (0/5) Lair:5
    Orc (2/2) D:11            Elf (3/3) Orc:2        Vaults (4/5) D:14
  Crypt (3/3) Vaults:3       Tomb (1/3) Crypt:3      Depths (5/5) D:15
    Zot (0/5) Depths:5    Volcano (visited)         Gauntlet (visited)

Altars:
Ashenzari
Cheibriados
Dithmenos
Fedhas
Gozag
Kikubaaqudgha
Makhleb
Nemelex Xobeh
Okawaru
Ru
Trog
Xom
Yredelemnul
The Shining One
Beogh

Shops:
D:15 *   Orc:2 [[(?(   Elf:1 =   Elf:2 (   Vaults:1 [   Depths:4 *

Portals:
Hell: Lair:6 Depths:1 Depths:2 Depths:3 Depths:4 Depths:5
Abyss: Depths:4
Pandemonium: Depths:3
Trove: D:15 (give horn of Geryon)

Annotations:
Vaults:1 exclusion: orange crystal statue
Vaults:3 8 runed translucent doors, Ynisk's ghost, adept HaHu
Zig:1 exclusion: 2 orange crystal statues


Innate Abilities, Weirdness & Mutations

You cannot wear most types of armour.
You are very stealthy in the water. (Stealth+)
You are amphibious.
You can wear up to eight rings at the same time.
You can use your tentacles to constrict eight enemies at once.
Your skin changes colour to match your surroundings (Stealth+).
Your rubbery body absorbs attacks. (AC +1, EV +1)
You tend to lose your temper in combat.
You are somewhat resistant to further mutation.
You are robust. (+10% HP)
Your spells are a little easier to cast, but a little less powerful.


Message History

You burn the shock serpent. You closely miss the black mamba.
The black mamba completely misses you. The shock serpent bites you!
* * * LOW HITPOINT WARNING * * *
The shock serpent shocks you!
* * * LOW HITPOINT WARNING * * *
The black mamba completely misses you. The salamander closely misses you.
The salamander completely misses you.
You feel much better. You block the shock serpent's attack.
You block the black mamba's attack. The naga warrior completely misses you.
You block the naga warrior's attack.
The naga sharpshooter shoots an arrow.
The arrow hits you!!
* * * LOW HITPOINT WARNING * * *
The arrow dissolves into shadows!
The naga sharpshooter spits poison at you.
Your +5 kite shield of reflection reflects the splash of poison!
The splash of poison hits the naga sharpshooter.
The shock serpent bites you!
* * * LOW HITPOINT WARNING * * *
The shock serpent shocks you!
You die...

▓▓▓▓▓▓▓▓▓
▓.......▓
▓.....8.▓
▓.....NN▓
▓∩†NNN?>▓


▓.NNNSS∩▓ ▓...N@8.▓ ▓....N.N▓ ▓▓▓▓▓▓▓▓▓ You could see a naga warrior (summoned,
catching breath), 2 naga sharpshooters, 2 orange crystal statues, 2 salamanders,
a shock serpent (summoned), a black mamba (summoned), a naga mage (summoned,
fast) and 5 nagas.

Vanquished Creatures
  Mara (Depths:4)
  A juggernaut (Depths:2)
  4 greater mummies
  Boris (twice) (Depths:4 Tomb:1)
  Margery (Vaults:3)
  the Enchantress (Depths:1)
  A profane servitor (Crypt:3)
  Arachne (Spider:2)
  A bone dragon (Crypt:3)
  2 tentacled monstrosities (Depths:5)
  Rupert (D:15)
  A shard shrike skeleton (Crypt:2)
  5 liches
  2 deep elf master archers (Elf:3)
  3 deep elf blademasters
  2 quicksilver dragons (Depths:5)
  3 ancient champions
  Frances (Elf:2)
  Gastronok (D:12)
  7 sphinxes
  A storm dragon (Depths:5)
  A tentacled starspawn (Abyss:2)
  Kirke (Spider:2)
  A storm dragon (shapeshifter) (Depths:1)
  A shadow dragon (Depths:4)
  2 tengu reavers (Depths:5)
  Donald (Swamp:3)
  2 revenants
  6 vault wardens
  A draconian knight (Depths:5)
  3 ghost moths (Spider:4)
  9 deep elf sorcerers
  6 fire giants
  6 frost giants
  2 orc warlords
  Aizul (Swamp:1)
  A curse skull (Crypt:2)
  2 draconian scorchers (Depths:5)
  5 deep elf elementalists (Elf:3)
  6 emperor scorpions
  14 ghouls
  11 spriggan defenders
  20 very ugly things
  21 stone giants
  10 ironheart preservers
  6 entropy weavers
  A hydra skeleton (Swamp:4)
  Nessos (D:12)
  8 vampire knights
  3 bunyips
  7 deep elf demonologists
  A minotaur (Gauntlet)
  Azrael (Elf:2)
  8 deep elf annihilators
  A bunyip (shapeshifter) (D:14)
  7 spark wasps
  2 mummy priests (Tomb:1)
  The ghost of emiel the Destroyer, a journeyman SpEE of Ru (Lair:6)
  11 eidola
  4 quicksilver dragon zombies
  12 ettins
  7 jiangshi
  10 deep elf death magi
  6 eleionomae
  A crystal guardian (Vaults:2)
  14 fire dragons
  2 deep elf high priests (Elf:3)
  7 shambling mangroves
  11 yaktaur captains
  20 great orbs of eyes
  Harold (D:9)
  2 quicksilver dragon skeletons
  Erolcha (D:9)
  9 spriggan air magi
  7 rakshasas
  15 vault guards
  9 ice dragons
  6 boulder beetles
  A caustic shrike simulacrum (Depths:2)
  32 hydras
  46 two-headed ogres
  2 hell beasts
  5 alligators
  16 death yaks
  An anaconda (D:13)
  5 ghost crabs
  16 centaur warriors
  A catoblepas (Lair:6)
  15 ogre magi
  15 deep troll shamans
  6 tengu warriors
  29 dancing weapons
  7 vampire magi
  A thrashing horror (Abyss:2)
  8 death knights
  A queen ant (Spider:4)
  13 deep troll earth magi
  2 naga sharpshooters (Depths:5)
  A soul eater (Crypt:1)
  22 deep elf knights
  18 spriggans
  6 spriggan berserkers
  A shock serpent (Zig:1)
  2 spectral catoblepas (Lair:6)
  A storm dragon zombie (Crypt:1)
  9 hell knights
  35 skeletal warriors
  2 wretched stars (Abyss:2)
  3 shadow wraiths
  A titan skeleton (Tomb:1)
  2 iron trolls (Depths:1)
  2 ghost moth zombies
  An entropy weaver zombie (Crypt:2)
  5 goliath frogs
  An unseen horror (shapeshifter) (Vaults:1)
  6 bog bodies
  5 large abominations (Abyss:2)
  6 spriggan druids
  7 wizards
  8 swamp dragons
  35 deep trolls
  9 glowing orange brains
  12 deep elf archers
  15 flayed ghosts
  4 unseen horrors
  3 anaconda zombies
  A spatial maelstrom (Abyss:2)
  A wolf spider zombie (D:12)
  2 orange crystal statues (Zig:1)
  13 orc knights
  Pikel (D:8)
  A shadow dragon zombie (Crypt:1)
  10 ironbrand convokers
  2 nameless horrors
  An iron dragon zombie (Crypt:3)
  19 phantasmal warriors
  6 spectral hydras
  5 frost giant zombies
  A harpy (shapeshifter) (D:15)
  12 necromancers
  41 wolf spiders
  A shining eye (shapeshifter) (Depths:5)
  4 manticores
  5 will-o-the-wisps
  A shadow dragon skeleton (Depths:4)
  11 cyclopes
  14 orb spiders
  A tengu skeleton (Depths:3)
  4 orc sorcerers
  A fire giant zombie (Depths:2)
  40 ugly things
  68 deep elf magi
  2 moths of wrath (Spider:4)
  A stone giant zombie (Crypt:2)
  3 oklob plants (Swamp:4)
  A centaur zombie (D:14)
  2 human skeletons
  A frost giant skeleton (Tomb:1)
  A spriggan zombie (Depths:3)
  7 vault sentinels
  A dire elephant zombie (Crypt:2)
  7 black mambas
  A black mamba (shapeshifter) (Depths:5)
  18 elephants
  3 gargoyles
  2 molten gargoyles (Volcano)
  A rust devil (Depths:4)
  16 eyes of devastation (Depths:3)
  2 smoke demons
  4 orange demons (D:14)
  2 storm dragon simulacra
  6 torpor snails
  A cane toad (shapeshifter) (D:13)
  15 cane toads
  2 centaur skeletons
  A shock serpent skeleton (Crypt:1)
  A sea snake zombie (Crypt:1)
  13 komodo dragons
  An anaconda simulacrum (Crypt:2)
  5 rime drakes
  4 efreet
  A dire elephant skeleton (Crypt:1)
  2 redback zombies
  40 yaktaurs
  3 emperor scorpion zombies
  A minotaur zombie (Crypt:2)
  A golden dragon simulacrum (Depths:4)
  20 demonic crawlers
  4 ice devils (Lair:6)
  14 freezing wraiths
  6 hydra zombies
  4 tengu conjurers
  A harpy zombie (Crypt:2)
  12 trolls
  2 red devils
  3 meliai (D:13)
  7 guardian mummies
  2 jumping spiders (shapeshifter)
  11 tyrant leeches
  A hornet (shapeshifter) (Vaults:1)
  49 jumping spiders
  A troll (shapeshifter) (Depths:2)
  2 death drake zombies (Swamp:4)
  A shadow dragon simulacrum (Crypt:1)
  4 polar bears
  50 hornets
  7 raiju (Abyss:2)
  3 human simulacra
  2 alligator zombies (Crypt:3)
  23 blink frogs
  A spectral dream sheep (Lair:6)
  3 fire dragon zombies
  A fire giant simulacrum (Depths:2)
  2 dream sheep
  2 ice dragon zombies
  A stone giant simulacrum (Depths:2)
  2 ettin zombies
  29 slime creatures
  13 flying skulls
  Sigmund (D:4)
  A tarantella (shapeshifter) (D:14)
  An air elemental (Elf:1)
  40 tarantellas
  A wyvern (D:12)
  115 redbacks
  2 ushabtiu
  A tyrant leech zombie (Crypt:2)
  3 shadows
  6 fire elementals
  19 wraiths
  10 humans
  4 small abominations (Abyss:2)
  Eustachio (D:4)
  3 basilisks
  2 fire bats (Volcano)
  25 yaks
  3 golden eyes (Depths:3)
  3 hogs (Spider:2)
  Menkaure (D:7)
  A naga (Depths:5)
  10 wargs
  3 insubstantial wisps (Abyss:2)
  12 vampire mosquitoes
  A soldier ant (shapeshifter) (Vaults:3)
  3 spatial vortices (Abyss:2)
  11 swamp worms
  9 soldier ants (Spider:4)
  An acid dragon (shapeshifter) (Vaults:2)
  A floating eye (Depths:5)
  3 cane toad zombies (Crypt:3)
  5 acid dragons
  8 hell hounds
  5 water moccasins
  4 hydra simulacra
  49 orc warriors
  An ettin simulacrum (Vaults:3)
  8 swamp drakes
  An ice beast (D:15)
  An eye of draining (D:14)
  3 hornet zombies
  A snapping turtle zombie (Crypt:1)
  7 black bears
  16 necrophages
  5 phantoms
  3 sky beasts
  34 ogres
  8 boggarts
  2 manticore zombies
  2 swamp dragon zombies (Swamp:4)
  A black mamba simulacrum (Lair:6)
  27 wolves
  25 centaurs
  A swamp dragon skeleton (Swamp:4)
  4 lemures (D:8)
  2 big kobolds
  An elf zombie (Crypt:1)
  14 bullfrogs
  A gnoll sergeant (D:5)
  An elf skeleton (Abyss:2)
  6 earth elementals
  6 wyvern skeletons (Crypt:3)
  A water moccasin skeleton (Crypt:2)
  12 scorpions
  3 wights (D:8)
  10 killer bees
  9 howler monkeys
  3 electric eels
  2 vampire bats (Orc:2)
  A lava snake (Volcano)
  5 jellies
  2 quasits
  A basilisk zombie (Crypt:1)
  3 bullfrog zombies
  3 hounds
  A bullfrog skeleton (D:9)
  A demonspawn zombie (Crypt:1)
  19 orc priests
  3 iguanas
  27 orc wizards
  27 worker ants
  A killer bee zombie (D:7)
  A naga zombie (Crypt:3)
  An ogre skeleton (Crypt:1)
  A hound zombie (D:3)
  9 mummies
  3 worker ant zombies
  8 gnolls
  A howler monkey skeleton (D:4)
  10 adders
  A swamp drake skeleton (Crypt:2)
  5 shadow imps
  3 white imps
  3 oozes
  2 adder skeletons
  4 worms
  4 dart slugs
  3 leopard geckos
  131 orcs
  17 bats
  A bat skeleton (Crypt:1)
  2 giant cockroaches
  A goblin (shapeshifter) (Depths:2)
  5 goblins
  7 hobgoblins
  8 jackals (D:3)
  5 quokkas
  A ball python (D:3)
  6 frilled lizards
  12 kobolds
  A quokka zombie (Crypt:2)
  8 rats
  A river rat skeleton (Crypt:2)
  A lurking horror (Abyss:2)
  2 starspawn tentacles (Abyss:2)
2493 creatures vanquished.

Vanquished Creatures (collateral kills)
  A lich (Tomb:1)
  2 sphinxes (Tomb:1)
  An ancient champion (Crypt:2)
  A stone giant (Depths:4)
  2 spark wasps (Depths:4)
  A quicksilver dragon zombie (Crypt:2)
  A deep troll shaman (Depths:4)
  A deep troll earth mage (Depths:4)
  A skeletal warrior (Tomb:1)
  A flayed ghost (Crypt:3)
  A shadow dragon zombie (Crypt:2)
  An anaconda zombie (Tomb:1)
  A guardian mummy (Tomb:1)
  A troll (Depths:5)
  5 flying skulls
  An ushabti (Crypt:3)
  3 wargs
  7 orc warriors
  2 mummies
  5 orcs
39 creatures vanquished.

Vanquished Creatures (others)
  A deep elf archer (Vaults:1)
  2 deep elf magi
  A worldbinder (Abyss:2)
  A raiju (Abyss:2)
  A spriggan (Swamp:4)
  A hell hound (Elf:2)
  A swamp drake (Swamp:3)
  An orc warrior (Orc:1)
  A jelly (D:14)
  8 foxfires (Swamp:4)
  58 fungi
  104 plants
  3 toadstools (Depths:1)
  7 withered plants (Crypt:3)
190 creatures vanquished.

Grand Total: 2722 creatures vanquished

Notes
Turn   | Place    | Note
-------+----------+-------------------------------------------
     0 | D:1      | Ijustatesigmund the Octopode Fighter began the quest for
                  | the Orb.
     0 | D:1      | Reached XP level 1. HP: 16/16 MP: 1/1
    82 | D:1      | Reached XP level 2. HP: 21/21 MP: 2/2
   454 | D:1      | Reached XP level 3. HP: 25/26 MP: 3/3
  1382 | D:2      | Reached XP level 4. HP: 28/33 MP: 4/4
  1567 | D:2      | Found a burning altar of Makhleb.
  2338 | D:3      | Found a blossoming altar of Fedhas.
  2345 | D:3      | Found a bloodstained altar of Trog.
  2370 | D:3      | Reached XP level 5. HP: 37/37 MP: 5/5
  3009 | D:3      | Reached skill level 5 in Axes
  3040 | D:3      | Reached XP level 6. HP: 44/44 MP: 6/6
  3168 | D:3      | Found a basalt altar of Yredelemnul.
  3169 | D:3      | Found a shimmering altar of Xom.
  3170 | D:3      | Found an iron altar of Okawaru.
  3479 | D:4      | HP: 1/45 [orc priest/nerve-wracking pain (4)]
  3895 | D:4      | HP: 2/45 [centaur (6)]
  3898 | D:4      | Reached skill level 5 in Fighting
  3898 | D:4      | Reached XP level 7. HP: 3/50 MP: 7/7
  4227 | D:4      | Noticed Sigmund
  4240 | D:4      | Killed Sigmund
  4280 | D:4      | Noticed Eustachio
  4286 | D:4      | Killed Eustachio
  4347 | D:4      | Reached XP level 8. HP: 53/57 MP: 8/8
  4576 | D:5      | Entered Level 5 of the Dungeon
  4586 | D:5      | Learned a level 3 spell: Ozocubu's Armour
  4691 | D:5      | Found a transporter.
  4707 | D:5      | Found a transporter.
  5171 | D:5      | Found a shadowy altar of Dithmenos.
  5336 | D:5      | Reached skill level 1 in Ice Magic
  5598 | D:5      | Found a staircase to the Ecumenical Temple.
  5611 | Temple   | Entered the Ecumenical Temple
  5614 | Temple   | Became a worshipper of Cheibriados the Contemplative
  6090 | D:6      | Reached skill level 1 in Invocations
  6277 | D:6      | Got a bound golden ring
  6278 | D:6      | Identified the ring of the Republic {rN+ AC+4 Int+4} (You
                  | found it on level 6 of the Dungeon)
  6435 | D:6      | Noticed a troll
  6522 | D:6      | Killed a troll
  6522 | D:6      | Reached * piety under Cheibriados
  6523 | D:6      | Reached skill level 2 in Invocations
  6523 | D:6      | Reached XP level 9. HP: 35/63 MP: 10/10
  6671 | D:6      | Got a slimy iron ring
  6672 | D:6      | Identified the ring "Yttotiv" {rPois rC+++ Int+6 SInv
                  | Stlth-} (You found it on level 6 of the Dungeon)
  6743 | D:6      | Reached skill level 5 in Dodging
  6743 | D:6      | Reached skill level 5 in Shields
  6902 | D:7      | Reached skill level 3 in Invocations
  7139 | D:7      | Gained mutation: Your spells are a little easier to cast,
                  | but a little less powerful. [potion of mutation]
  7139 | D:7      | Gained mutation: You are robust. (+10% HP) [potion of
                  | mutation]
  7139 | D:7      | Gained mutation: You are somewhat resistant to further
                  | mutation. [potion of mutation]
  7171 | D:7      | Noticed Menkaure
  7179 | D:7      | Killed Menkaure
  7406 | D:7      | Reached skill level 5 in Ice Magic
  7497 | D:7      | Reached ** piety under Cheibriados
  7704 | D:7      | Reached XP level 10. HP: 75/75 MP: 12/12
  7722 | D:7      | Found a sacrificial altar of Ru.
  7866 | D:7      | Found a sparkling altar of Nemelex Xobeh.
  8301 | D:8      | Noticed a two-headed ogre
  8311 | D:8      | Killed a two-headed ogre
  8316 | D:8      | Found an ancient bone altar of Kikubaaqudgha.
  8389 | D:8      | Reached *** piety under Cheibriados
  8615 | D:8      | Reached skill level 5 in Invocations
  8615 | D:8      | Reached XP level 11. HP: 85/85 MP: 12/15
  8616 | D:8      | Reached XP level 12. HP: 92/92 MP: 12/16
  9208 | D:8      | Noticed Pikel
  9228 | D:8      | Killed Pikel
  9229 | D:8      | Reached skill level 6 in Invocations
  9281 | D:8      | Found a staircase to the Lair.
  9456 | D:9      | Noticed Erolcha
  9467 | D:9      | Killed Erolcha
  9619 | D:9      | Noticed Harold
  9629 | D:9      | Killed Harold
  9699 | D:9      | Reached **** piety under Cheibriados
  9713 | D:9      | Noticed a two-headed ogre
  9721 | D:9      | Killed a two-headed ogre
  9994 | D:10     | Entered Level 10 of the Dungeon
 10044 | D:10     | Reached skill level 1 in Throwing
 10112 | D:10     | Reached skill level 7 in Invocations
 10166 | D:10     | Reached XP level 13. HP: 86/99 MP: 18/18
 10577 | D:10     | Found a shimmering altar of Xom.
 10728 | D:10     | Identified a scroll of acquirement
 10728 | D:10     | Acquired a manual of Dodging
 10950 | D:11     | Reached ***** piety under Cheibriados
 11109 | D:11     | Found a staircase to the Orcish Mines.
 11202 | D:11     | Reached skill level 10 in Dodging
 11933 | D:12     | Noticed Nessos
 11946 | D:12     | Killed Nessos
 12892 | D:12     | Found an ancient bone altar of Kikubaaqudgha.
 12995 | D:12     | Noticed Gastronok
 13028 | D:13     | Reached skill level 8 in Invocations
 13368 | D:5      | Learned a level 1 spell: Beastly Appendage
 13632 | D:12     | Killed Gastronok
 13633 | D:12     | Reached skill level 1 in Transmutations
 13953 | D:13     | Reached ****** piety under Cheibriados
 13969 | D:13     | Reached skill level 10 in Axes
 14458 | D:13     | Reached XP level 14. HP: 106/106 MP: 14/20
 15431 | Lair:1   | Entered Level 1 of the Lair of Beasts
 15607 | Lair:1   | Reached skill level 9 in Invocations
 15695 | Lair:1   | Identified the Papyrus of the Mind
 16239 | Lair:2   | Found a dark tunnel.
 16274 | Volcano  | Entered a volcano
 16615 | Volcano  | Found a radiant altar of Vehumet.
 16626 | Volcano  | Noticed a stone giant
 16640 | Volcano  | Killed a stone giant
 17196 | Lair:2   | Reached skill level 10 in Fighting
 17627 | Lair:2   | Identified Okhle's Grimoire of Dislocated Clay
 18284 | Lair:3   | Reached skill level 15 in Dodging
 18290 | Lair:3   | Reached skill level 10 in Invocations
 18542 | Lair:3   | Found a staircase to the Swamp.
 18547 | Lair:3   | Reached XP level 15. HP: 115/115 MP: 22/22
 18951 | Lair:3   | You fall into a shaft and drop 3 floors!
 18951 | Lair:6   | Entered Level 6 of the Lair of Beasts
 18971 | Lair:6   | Reached skill level 1 in Evocations
 18977 | Lair:6   | Reached skill level 1 in Spellcasting
 18990 | Lair:6   | Found a runed translucent gate.
 18991 | Lair:6   | Found a runed translucent gate.
 18992 | Lair:6   | Found a runed translucent gate.
 19116 | Lair:4   | Found a gate leading to a gauntlet.
 19125 | Gauntlet | Entered a Gauntlet
 19125 | Gauntlet | Found a transporter.
 19125 | Gauntlet | Found a transporter.
 19127 | Gauntlet | Found a transporter.
 19128 | Gauntlet | Found a transporter.
 19128 | Gauntlet | Found a transporter.
 19169 | Gauntlet | Found a transporter.
 19170 | Gauntlet | Found a transporter.
 19185 | Gauntlet | Found a transporter.
 19200 | Gauntlet | Found a transporter.
 19216 | Gauntlet | Found a transporter.
 19218 | Gauntlet | Found a transporter.
 19229 | Gauntlet | Found a transporter.
 19290 | Gauntlet | Got a brightly glowing golden amulet
 19291 | Gauntlet | Identified the amulet "Wots" {Spirit rElec MR+ Int-4} (You
                  | found it in a Gauntlet)
 19477 | Gauntlet | Reached skill level 10 in Shields
 19598 | Gauntlet | Got a smoking glass ring
 19598 | Gauntlet | Got a serpentine lapis lazuli ring
 19598 | Gauntlet | Got a bound amber ring
 19599 | Gauntlet | Identified the ring "Utay" {rN+ MR+} (You found it in a
                  | Gauntlet)
 19600 | Gauntlet | Identified the ring "Pussela" {rPois MR+ Str+3 Stlth-} (You
                  | found it in a Gauntlet)
 19601 | Gauntlet | Identified the ring of Napeah {rF+ Slay+3} (You found it in
                  | a Gauntlet)
 20077 | Lair:4   | Found a basalt altar of Yredelemnul.
 20331 | Lair:4   | Found a hole to the Spider Nest.
 21240 | Lair:5   | Found a staircase to the Slime Pits.
 21255 | Lair:5   | Got an ancient war axe
 21256 | Lair:5   | Identified the +6 war axe "Pusuath" {freeze, rN+ Str+2}
                  | (You found it on level 5 of the Lair of Beasts)
 21629 | Lair:6   | Reached skill level 11 in Invocations
 22043 | Lair:6   | Reached XP level 16. HP: 104/125 MP: 24/24
 22653 | Lair:6   | Found a burning altar of Makhleb.
 22685 | Lair:6   | Reached skill level 12 in Invocations
 22715 | Lair:6   | Found a gateway to Hell.
 22728 | Lair:6   | Got a faintly glowing morningstar
 22729 | Lair:6   | Identified the +9 morningstar of Zil Buuj {protect, rPois
                  | Int+4} (You found it on level 6 of the Lair of Beasts)
 22907 | Lair:6   | Noticed emiel's ghost (journeyman SpEE)
 22931 | Lair:6   | Killed emiel's ghost
 23172 | Orc:1    | Entered Level 1 of the Orcish Mines
 23432 | Orc:2    | Entered Level 2 of the Orcish Mines
 23995 | Orc:2    | Found Homam's Armour Emporium.
 24282 | Orc:2    | Found Yzajew's Weapon Emporium.
 24282 | Orc:2    | Found Xeup's Antique Armour Boutique.
 24289 | Orc:2    | Found a roughly hewn altar of Beogh.
 24393 | Orc:2    | Found a staircase to the Elven Halls.
 24499 | Orc:2    | Found Piefaig's Antique Weapon Emporium.
 24499 | Orc:2    | Found Hioracwe's Magic Scroll Boutique.
 24583 | Orc:2    | Bought a scroll of teleportation for 36 gold pieces
 24583 | Orc:2    | Bought a scroll of holy word for 90 gold pieces
 24583 | Orc:2    | Bought a scroll of teleportation for 36 gold pieces
 24806 | Orc:2    | Bought a shiny buckler for 202 gold pieces
 25031 | D:14     | Reached skill level 13 in Invocations
 25079 | D:14     | Found a gate to the Vaults.
 25373 | D:14     | Reached XP level 17. HP: 135/135 MP: 27/27
 25474 | D:14     | Identified the ring "Toceisucs" {Fire rPois Int-2 SInv
                  | Stlth+}
 25655 | D:14     | Identified the Grimoire of Destructive Lightness
 26323 | D:15     | Entered Level 15 of the Dungeon
 26327 | D:15     | Found a staircase to the Depths.
 26331 | D:15     | Noticed Rupert
 26345 | D:15     | Killed Rupert
 26346 | D:15     | Reached skill level 14 in Invocations
 26346 | D:15     | Reached skill level 5 in Evocations
 26558 | D:15     | Found a portal to a secret trove of treasure.
 26816 | D:15     | Found Ubaut's General Store.
 26820 | D:15     | Bought a scroll of identify for 22 gold pieces
 27472 | Swamp:1  | Entered Level 1 of the Swamp
 27910 | Swamp:1  | Noticed Aizul
 28062 | Swamp:1  | Killed Aizul
 28206 | Swamp:1  | Reached XP level 18. HP: 135/141 MP: 29/29
 28330 | Swamp:2  | Reached skill level 15 in Invocations
 29206 | Swamp:3  | Noticed Donald
 29214 | Swamp:3  | Killed Donald
 29347 | Swamp:3  | Upgraded the game from 0.26-a0-849-gf1512cd430 to
                  | 0.26-a0-854-gdc81c2f471
 29582 | Swamp:4  | Entered Level 4 of the Swamp
 31188 | Swamp:4  | Reached XP level 19. HP: 65/150 MP: 22/30
 31189 | Swamp:4  | Reached skill level 16 in Invocations
 31362 | Swamp:4  | Found a blossoming altar of Fedhas.
 31543 | Swamp:4  | Found a basalt altar of Yredelemnul.
 31886 | Swamp:4  | Got a decaying rune of Zot
 32037 | Spider:1 | Entered Level 1 of the Spider Nest
 32119 | Lair:4   | Reached skill level 5 in Throwing
 32450 | Vaults:1 | Entered Level 1 of the Vaults
 33114 | Vaults:1 | Reached skill level 17 in Invocations
 33188 | Vaults:1 | Found Ohutwiat's Antique Armour Boutique.
 34184 | Depths:1 | Entered Level 1 of the Depths
 34223 | Depths:1 | Found a gateway to a ziggurat.
 34237 | Depths:1 | HP: 7/150 [yaktaur/bolt (30)]
 34507 | Depths:1 | Reached XP level 20. HP: 128/158 MP: 32/32
 34550 | Depths:1 | Noticed the Enchantress
 34556 | Depths:1 | Cast into level 2 of the Abyss (the Enchantress)
 35202 | Abyss:2  | Reached skill level 18 in Invocations
 35216 | Abyss:2  | Reached skill level 15 in Axes
 35252 | Depths:1 | Escaped the Abyss
 35266 | Depths:1 | Killed the Enchantress
 35519 | Depths:1 | Reached skill level 15 in Fighting
 36756 | Elf:1    | Entered Level 1 of the Elven Halls
 37611 | Elf:1    | Reached XP level 21. HP: 168/168 MP: 34/34
 37659 | Elf:1    | Found Cotequc's Jewellery Emporium.
 37668 | Elf:1    | Bought an uncursed ring of resist corrosion for 260 gold
                  | pieces
 38087 | Spider:1 | Reached skill level 19 in Invocations
 39253 | Spider:2 | Noticed Arachne
 39255 | Spider:2 | Noticed Kirke
 39259 | Spider:2 | Killed Arachne
 39265 | Spider:2 | Killed Kirke
 39763 | Spider:4 | Entered Level 4 of the Spider Nest
 41646 | Spider:4 | Reached XP level 22. HP: 106/177 MP: 35/35
 42042 | Spider:4 | Got a gossamer rune of Zot
 42700 | Vaults:2 | Reached skill level 10 in Ice Magic
 43093 | Vaults:2 | Reached skill level 20 in Invocations
 45487 | Elf:2    | Found Asycedum's Antique Weapon Emporium.
 45560 | Elf:2    | Bought a crystal hand crossbow for 246 gold pieces
 45561 | Elf:2    | Identified the +8 hand crossbow "Quinak" {speed, Dex+3}
                  | (You bought it in a shop on level 2 of the Elven Halls)
 45679 | Elf:2    | Noticed Frances
 45689 | Elf:2    | Killed Frances
 45780 | Elf:2    | Found a runed translucent gate.
 45780 | Elf:2    | Found a runed translucent gate.
 45780 | Elf:2    | Found a runed translucent gate.
 46377 | Elf:2    | Noticed Azrael
 46387 | Elf:2    | Killed Azrael
 46721 | Elf:3    | Entered Level 3 of the Elven Halls
 46806 | Elf:3    | Reached XP level 23. HP: 157/184 MP: 37/37
 47025 | Elf:3    | Identified the +2 battleaxe "Dragon's Tongue" {holy, +Fly
                  | SInv}
 47040 | Elf:3    | Gained mutation: You tend to lose your temper in combat. [a
                  | neqoxec]
 47149 | Elf:3    | Identified the cursed +0 great sword of the Reaper {vorpal,
                  | rElec rN+ Str+3 Int+4}
 47149 | Elf:3    | Identified the +2 robe of the Earth {rCorr Str+7 Int-4}
 47592 | Elf:3    | Identified the +7 flail "Hoisiat" {venom, rC+++ Str+4 Int-5
                  | Dex+4}
 47594 | Elf:3    | Identified the +3 trident "Fehuez" {freeze, rN+ MR++}
 47895 | Elf:3    | Found the +3 giant club "Skullcrusher" {speed, Str+7}
 47895 | Elf:3    | Identified the Almanac of Clay and Unholy Magic
 47926 | Elf:3    | Identified the Volume of Rubbish
 47951 | Elf:3    | Reached skill level 21 in Invocations
 48603 | Elf:3    | Learned a level 6 spell: Iron Shot
 48993 | Vaults:3 | Reached skill level 1 in Conjurations
 48993 | Vaults:3 | Reached skill level 1 in Earth Magic
 49385 | Vaults:3 | Found a large runed translucent door.
 49385 | Vaults:3 | Found a large runed translucent door.
 49385 | Vaults:3 | Found a large runed translucent door.
 49385 | Vaults:3 | Found a large runed translucent door.
 49385 | Vaults:3 | Found a large runed translucent door.
 49385 | Vaults:3 | Found a large runed translucent door.
 49385 | Vaults:3 | Noticed Ynisk's ghost (adept HaHu)
 49386 | Vaults:3 | Found a large runed translucent door.
 49386 | Vaults:3 | Found a large runed translucent door.
 49436 | Vaults:3 | Noticed Margery
 49448 | Vaults:3 | Killed Margery
 49627 | Vaults:3 | Found a staircase to the Crypt.
 50261 | Vaults:4 | Reached XP level 24. HP: 188/194 MP: 37/37
 50323 | Vaults:4 | Reached skill level 5 in Spellcasting
 50783 | Vaults:4 | Learned a level 1 spell: Apportation
 51388 | Depths:2 | Reached skill level 5 in Conjurations
 51392 | Depths:2 | Reached skill level 5 in Earth Magic
 51974 | Depths:2 | Noticed a juggernaut
 51989 | Depths:2 | Killed a juggernaut
 52196 | Depths:2 | Found the +7 sceptre of Torment {pain, torment}
 52206 | Depths:2 | Identified the Compendium of Confrontation
 52348 | Depths:2 | Found a broken altar of Ashenzari.
 53528 | Depths:3 | Found a one-way gate leading to the halls of Pandemonium.
 53601 | Depths:3 | Reached skill level 22 in Invocations
 53762 | Depths:3 | Learned a level 7 spell: Spellforged Servitor
 53841 | Depths:3 | Reached XP level 25. HP: 205/205 MP: 37/38
 53844 | Depths:3 | Reached skill level 1 in Summonings
 54336 | Depths:3 | Identified the +9 hand axe of the Five Olives {flame, rF+
                  | Dex+6}
 54751 | Depths:4 | Found Ulameras Umm's General Store.
 54755 | Depths:4 | Bought a potion of curing for 42 gold pieces
 54755 | Depths:4 | Bought a potion of curing for 42 gold pieces
 55016 | Depths:4 | Found a one-way gate to the infinite horrors of the Abyss.
 55208 | Depths:4 | Noticed Mara
 55229 | Depths:4 | Reached skill level 15 in Stealth
 55229 | Depths:4 | Noticed Boris
 55234 | Depths:4 | Killed Mara
 55235 | Depths:4 | Reached skill level 5 in Summonings
 55244 | Depths:4 | Killed Boris
 55957 | Depths:5 | Entered Level 5 of the Depths
 56263 | Depths:5 | Found a gate to the Realm of Zot.
 56459 | Depths:5 | Found a transporter.
 56572 | Depths:5 | Found a snail-covered altar of Cheibriados.
 56604 | Depths:5 | Reached XP level 26. HP: 216/216 MP: 38/38
 56637 | Depths:5 | Identified the ring of Xaalograf {*Corrode rElec MR+++
                  | Str-4 Int+6} (You found it on level 5 of the Depths)
 56808 | Depths:5 | Got a shimmering jade ring
 56809 | Depths:5 | Identified the ring of Utoeruc {Ice +Blink SInv} (You found
                  | it on level 5 of the Depths)
 56953 | Depths:5 | Found a glowing golden altar of the Shining One.
 57026 | Depths:5 | Got a scorched tin ring
 57031 | Depths:5 | Identified the ring "Webuniro" {Ice Dex+2} (You found it on
                  | level 5 of the Depths)
 57467 | Depths:5 | Found a transporter.
 57873 | Crypt:1  | Entered Level 1 of the Crypt
 58290 | Crypt:1  | Found a basalt altar of Yredelemnul.
 58308 | Crypt:1  | Reached skill level 10 in Summonings
 59965 | Crypt:2  | Noticed a greater mummy
 59972 | Crypt:2  | Killed a greater mummy
 59973 | Crypt:2  | Reached skill level 10 in Conjurations
 59973 | Crypt:2  | Reached skill level 10 in Earth Magic
 60253 | Crypt:2  | Learned a level 3 spell: Lesser Beckoning
 60292 | Crypt:3  | Entered Level 3 of the Crypt
 60398 | Crypt:3  | Found a basalt altar of Yredelemnul.
 60626 | Crypt:3  | Reached XP level 27. HP: 225/225 MP: 38/38
 61184 | Crypt:3  | Acquired a +1 hat of intelligence
 61412 | Crypt:3  | Found a staircase to the Tomb.
 61412 | Crypt:3  | Noticed a greater mummy
 61420 | Crypt:3  | Killed a greater mummy
 62295 | Tomb:1   | Entered Level 1 of the Tomb of the Ancients
 62459 | Tomb:1   | Noticed a greater mummy
 62466 | Tomb:1   | Killed a greater mummy
 62491 | Tomb:1   | Noticed a greater mummy
 62500 | Tomb:1   | Killed a greater mummy
 62501 | Tomb:1   | Reached skill level 23 in Invocations
 62648 | Tomb:1   | Noticed Boris
 62657 | Tomb:1   | Killed Boris
 63228 | Zig:1    | Entered Level 1 of a ziggurat
 63251 | Zig:1    | HP: 4/226 [shock serpent[an orange crystal statue] (11)]
 63251 | Zig:1    | Mangled by a shock serpent

Illustrated notes

Levels and vault maps discovered:
D:1:      dpeg_arrival_boxorama, layout_basic
D:2:      layout_loops_cross, lemuel_crystal_altar, nrook_campfire
D:3:      layout_basic, amethyst_overflow_temple_binary,
          chequers_temple_overflow_statue_of_worship, hangedman_decor_push
D:4:      layout_basic, uniq_sigmund, uniq_eustachio
D:5:      gammafunk_wand_slinger, layout_loops_ring, kennysheep_little_box,
          temple_hall, hangedman_decor_peaks_small
D:6:      minmay_clustersquares, layout_loops_corners
D:7:      layout_loops_ring, marbit_many_paths, overflow_temple_1_default,
          minmay_ruffians, uniq_menkaure
D:8:      layout_gridville, kiku_gazebo_pond_becter,
          grunt_lair_entry_orc_guard_hut, uniq_pikel
D:9:      layout_roguey, st_stairs_14, serial_bayou_pond_e, uniq_psyche,
          uniq_erolcha, uniq_harold
D:10:     layout_stronghold, grunt_decor_fettered, xom_teletrap_fun
D:11:     layout_long_grid, erik_orc_4
D:12:     layout_long_grid, lemuel_altar_in_water, uniq_gastronok, uniq_nessos
D:13:     layout_rooms, minmay_increasing_density
D:14:     minmay_the_grid_octo_tiled_octocenter [minmay_the_grid_octo_teeth,
          minmay_the_grid_octo_fat_diamond,
          minmay_the_grid_octo_tetromino_candy, minmay_the_grid_octo_clover_2,
          minmay_the_grid_octo_prize_square_snowflake,
          minmay_the_grid_square_5x5_eight_small,
          minmay_the_grid_square_5x5_seven, minmay_the_grid_square_5x5_n_small,
          minmay_the_grid_square_5x5_lines], layout_cave_pods,
          ximxim_vaults_locker_room, grunt_decor_junction,
          einodemon_barbed_minivault
D:15:     hangedman_depths_entry_civil_slaughter, layout_long_grid,
          hangedman_decor_diamond_cutter, serial_shops, shop, enter_trove_0,
          minmay_three_doors, uniq_rupert
Temple:   nicolae_temple_hex_pool
Lair:1:   layout_concentric_octagons, gammafunk_lair_bear_cave
Lair:2:   layout_chaotic_city, nicolae_volcano_entry_two_sided,
          grunt_megastairs_3
Lair:3:   layout_hall_layers, minmay_swamp_entry_swarm
Lair:4:   layout_layer_cave, nicolae_spider_entry_tight_spaces,
          gauntlet_entry_generic, st_stairs_6, lemuel_centaur_altar,
          grunt_megastairs_2
Lair:5:   statuecave_lemuel, layout_regular_city, minmay_slime_entry_pillars,
          grunt_megastairs_1
Lair:6:   evil_forest, layout_loops_ring, gammafunk_ghost_necromancy,
          chequers_serial_rivers_large_a
Swamp:1:  layout_falls_marsh, evilmike_swamp_ruin_house_3, st_swamp_mini,
          uniq_aizul
Swamp:2:  layout_basic_swamp, nicolae_swamp_triple_paths
Swamp:3:  layout_basic_swamp, serial_swamp_ruin, evilmike_swamp_ruin_rubble_2,
          evilmike_swamp_ruin_house_4, swamp_pool1, uniq_donald
Swamp:4:  byrel_swamp_growth_death_and_undeath, layout_basic_swamp, swamp_pool1
Spider:1: spiders_nest_scorpion_pit
Spider:2: layout_spider_delve, worms_lemuel, uniq_arachne, uniq_kirke
Spider:3: layout_spider_delve, hangedman_spider_tarantella_strand
Spider:4: spider_rune_water, nicolae_spider_circle_web, minmay_another_anthill
Orc:1:    layout_caves
Orc:2:    st_orc_town, layout_diamond_mine, serial_shops, shop, roderic_batcave
Elf:1:    eino_elf_arrival_sip, layout_onion_city, serial_shops,
          nicolae_shop_behind_doors, hangedman_elven_crosses_minicolossus
Elf:2:    layout_geoelf_octagon, serial_shops, nicolae_shop_stone,
          minmay_misc_feat_ornament, sword_in_stone, uniq_azrael
Elf:3:    grunt_elf_hall_spiral, layout_loops_ring
Vaults:1: v_misc_26, vaults_mumra_chevron_long, hangedman_vaults_snaps,
          ontoclasm_vaults_fault, hangedman_vaults_river_flow,
          ontoclasm_vaults_ring_large, hangedman_vaults_restitches,
          v_alt_pattern_3, nicolae_vaults_statue_guard, hangedman_vaults_locks,
          v_misc_29, layout_vaults_omnibox, serial_shops, nicolae_shop_stone
Vaults:2: ontoclasm_vaults_bender, grunt_vaults_twisty, ontoclasm_vaults_spin,
          ontoclasm_vaults_gateway, nicolae_vaults_little_squares_3,
          nicolae_vaults_what_the_h, layout_vaults_omnigrid
Vaults:3: advil_vaults_ghost_lines, minmay_crypt_entry_simple_statues,
          v_rooms_6, ontoclasm_vaults_decontamination, v_misc_28, v_misc_31,
          dpeg_vaults_monster_box, hangedman_vaults_corner, v_misc_10,
          nicolae_vaults_diagonal_hallway_7, nicolae_vaults_ring_of_whatevers,
          layout_vaults_omnicross, uniq_margery
Vaults:4: nicolae_vaults_shelves_hall, vaults_room_pool,
          vaults_room_ringed_pool, v_pattern_3, ontoclasm_vaults_ligature,
          vaults_room_semicircle, layout_vaults_chaotic_city
Crypt:1:  layout_regular_city, basic_altar, grunt_crypt_arrival_webbed,
          roderic_lattice_octagonal_star
Crypt:2:  lemuel_minitomb, layout_misc_corridors, minmay_misc_feat_hallway
Crypt:3:  evilmike_haunted_forest
Tomb:1
Depths:1: layout_basic, enter_ziggurat_a, hell_entry, abandoned_shop,
          minmay_misc_feat_columns, kennysheep_decorative_pillar,
          kennysheep_crisscross, minmay_gold_behind_fungi,
          minmay_misc_feat_diagonals, lemuel_another_geyser, uniq_enchantress
Depths:2: minmay_nested_s, layout_cave_shapes, hell_entry,
          nicolae_ashenzari_panopticon, roderic_lattice_a, grunt_ministairs_9,
          chequers_hall_statues_corner_a, minmay_misc_feat_roman
Depths:3: minmay_eyes, layout_small_grid, pan_entry,
          infiniplex_staircase_zigzag_2, hell_entry, serial_rivers,
          chequers_serial_rivers_large_b, chequers_serial_rivers_micro_e,
          chequers_serial_rivers_micro_d, chequers_serial_rivers_micro_c,
          chequers_serial_rivers_room_b, chequers_serial_rivers_micro_e,
          drop_trap
Depths:4: kennysheep_six_static_rooms, layout_basic, grunt_mini_vestibule,
          abyss_entry, kennysheep_boxes, serial_shops, shop, uniq_mara,
          uniq_boris
Depths:5: hangedman_spin_cycle, hell_entry
Zig:1

Skill      XL: |  1  2  3  4  5  6  7  8  9 10 11 12 13 14 15 16 17 18 19 20 21 22 23 24 25 26 27 |
---------------+----------------------------------------------------------------------------------+-----
Axes           | 3 4 5 6 7 9 10 11 12 13 14 16 17 | 17.5
Fighting       | 4 5 6 8 9 10 11 13 14 15 16 17 18 19 20 21 | 21.5
Dodging        | 4 5 7 8 13 15 16 | 16.0
Shields        | 4 5 7 8 9 10 11 12 | 12.8
Ice Magic      | 1 6 7 9 10 | 10.8
Invocations    | 2 3 5 7 8 10 11 13 14 15 17 18 19 20 21 22 23 | 23.0
Stealth        | 11 14 17 | 17.8
Throwing       | 1 3 9 |  9.1
Transmutations | 2 3 |  3.7
Evocations     | 3 7 8 |  8.0
Spellcasting   | 2 4 7 |  7.3
Conjurations   | 4 7 8 10 11 | 11.4
Earth Magic    | 4 7 8 10 11 | 11.4
Summonings     | 8 11 12 | 12.1

Action                   |  1- 3 |  4- 6 |  7- 9 | 10-12 | 13-15 | 16-18 | 19-21 | 22-24 | 25-27 || total
-------------------------+-------+-------+-------+-------+-------+-------+-------+-------+-------++-------
Melee: War axe           |    67 |   102 |   155 |   170 |   756 |   519 |       |       |       ||  1769
       Constrict         |    14 |    25 |    33 |    29 |   110 |   126 |   193 |   160 |   148 ||   838
       Tentacles         |     5 |    16 |    35 |    53 |   316 |   346 |   367 |   362 |   463 ||  1963
       Kick              |       |       |       |       |    60 |   115 |       |       |       ||   175
       Morningstar       |       |       |       |       |    25 |   112 |       |       |       ||   137
       Broad axe         |       |       |       |       |       |   268 |   941 |   906 |  1056 ||  3171
Throw: Dart              |       |       |       |    12 |    17 |       |       |       |       ||    29
       Throwing net      |       |       |       |       |     3 |       |       |       |       ||     3
       Javelin           |       |       |       |       |       |    32 |    47 |    47 |    27 ||   153
 Cast: Ozocubu's Armour  |       |       |       |     5 |    54 |    41 |    19 |    34 |    19 ||   172
       Beastly Appendage |       |       |       |       |     9 |    15 |       |       |       ||    24
       Iron Shot         |       |       |       |       |       |       |       |     6 |    13 ||    19
       Apportation       |       |       |       |       |       |       |       |       |     1 ||     1
       Spellforged Servi |       |       |       |       |       |       |       |       |    10 ||    10
Invok: Slouch            |       |       |       |       |     4 |     8 |    13 |     5 |     1 ||    31
       Step From Time    |       |       |       |       |       |     3 |     2 |     1 |       ||     6
Evoke: Wand              |       |       |    14 |     2 |    14 |     9 |    10 |     2 |     5 ||    56
       Condenser vane    |       |       |       |       |       |       |       |       |     1 ||     1
  Use: Scroll            |     6 |     5 |     5 |     6 |    27 |    25 |     7 |    14 |    14 ||   109
       Potion            |       |     4 |     2 |     3 |    10 |     6 |     3 |     5 |     2 ||    35
 Stab: Sleeping          |     6 |    10 |     4 |     4 |    39 |    31 |    32 |    29 |    50 ||   205
       Distracted        |       |       |       |     2 |     8 |     4 |     8 |    11 |     9 ||    42
       Held in net/web   |       |       |       |       |     3 |       |    11 |       |       ||    14
       Paralysed         |       |       |       |       |     3 |       |       |       |       ||     3
Armor: Skin              |    10 |     5 |    10 |    18 |   106 |   219 |   121 |    67 |    93 ||   649
Dodge: Dodged            |    18 |    39 |    54 |   103 |   696 |  1104 |  1010 |   640 |   729 ||  4393
Block: Kite shield       |    27 |    33 |    83 |   120 |   748 |   904 |   975 |   794 |   993 ||  4677
       Reflection        |       |       |       |       |       |     5 |    43 |    78 |    31 ||   157

Table legend: (Time is in decaauts)
 A = Elapsed time spent in this place.
 B = Non-inter-level travel time spent in this place.
 C = Inter-level travel time spent in this place.
 D = Time resting spent in this place.
 E = Time spent auto-exploring this place.
 F = Levels seen in this place.
 G = Mean time per level.
                   A        B        C        D        E       F      G
               +--------+--------+--------+--------+--------+-----+--------+
         Total |  94899 |  84645 |  10254 |  14111 |  50778 |  52 | 1825.0 |
       Dungeon |  25830 |  21819 |   4011 |   4400 |  13641 |  15 | 1722.0 |
        Temple |      7 |      3 |      4 |      0 |      0 |   1 |    7.0 |
          Lair |  11883 |  10425 |   1458 |    753 |   7597 |   6 | 1980.5 |
         Swamp |   6807 |   6388 |    419 |   1353 |   2928 |   4 | 1701.8 |
   Spider Nest |   6966 |   6629 |    337 |    547 |   4365 |   4 | 1741.5 |
  Orcish Mines |   3227 |   2611 |    616 |    116 |   1822 |   2 | 1613.5 |
   Elven Halls |   7233 |   6799 |    434 |   1471 |   3720 |   3 | 2411.0 |
        Vaults |  11150 |   9205 |   1945 |   1465 |   5923 |   4 | 2787.5 |
         Crypt |   6353 |   5910 |    443 |    970 |   3628 |   3 | 2117.7 |
          Tomb |    890 |    890 |      0 |    141 |     67 |   1 |  890.0 |
        Depths |  11646 |  11064 |    582 |   2211 |   6319 |   5 | 2329.2 |
         Abyss |   1124 |   1124 |      0 |     92 |    715 |   1 | 1124.0 |
      Ziggurat |     27 |     27 |      0 |      0 |      0 |   1 |   27.0 |
       Volcano |   1064 |   1064 |      0 |    382 |     52 |   1 | 1064.0 |
      Gauntlet |    685 |    685 |      0 |    208 |      0 |   1 |  685.0 |
               +--------+--------+--------+--------+--------+-----+--------+

Top non-repeatable levels by time:
Vaults:2: 3154 daAuts
 Crypt:3: 3149 daAuts
 Swamp:4: 3132 daAuts
Vaults:1: 3072 daAuts
Vaults:3: 3040 daAuts
    D:14: 2985 daAuts
Depths:2: 2844 daAuts
  Lair:4: 2827 daAuts
   Elf:3: 2799 daAuts
Depths:3: 2523 daAuts
   Elf:1: 2471 daAuts
    D:11: 2375 daAuts
    D:12: 2346 daAuts
Spider:4: 2305 daAuts
Depths:1: 2233 daAuts
